 Dungeon Crawl Stone Soup version 0.19-a0-1589-ge51c82a (webtiles) character file.

84 JeffiDaFish the Firebug (level 4, -3/34 HPs)
             Began as a Draconian Fire Elementalist on Sept 16, 2016.
             Slain by a gnoll
             ... wielding a +0 flail
              (11 damage)
             ... on level 1 of the Dungeon.
             The game lasted 00:07:44 (1095 turns).

JeffiDaFish the Firebug (DrFE)                      Turns: 1095, Time: 00:07:45

Health: -3/34      AC:  5    Str: 10    XL:     4   Next: 23%
Magic:  3/7        EV: 12    Int: 16    God:
Gold:   67         SH:  0    Dex: 12    Spells: 3 memorised, 1 level left

rFire  . . .     SeeInvis .     k - +0 spear
rCold  . . .     Gourm    .     (armour unavailable)
rNeg   . . .     Faith    .     (no shield)
rPois  .         Spirit   .     (helmet restricted)
rElec  .         Dismiss  .     (no cloak)
rCorr  .         Reflect  .     (no gloves)
MR     .....     Harm     .     (no boots)
Stlth  ++........               (no amulet)
                                (no ring)
                                (no ring)

@: no status effects
A: unfitting armour, cold-blooded, AC +5
a: no special abilities


You were on level 1 of the Dungeon.
You were not hungry.

You visited 1 branch of the dungeon, and saw 2 of its levels.

You collected 67 gold pieces.

Inventory:

Hand Weapons
 k - a +0 spear (weapon)
Scrolls
 e - a scroll of immolation {unknown}
 g - a scroll of random uselessness {unknown}
 j - 2 scrolls of remove curse
Potions
 i - a potion of invisibility
Books
 a - a book of Flames

   Spells                             Type                      Level
   a - Flame Tongue                   Conjuration/Fire             1
   b - Throw Flame                    Conjuration/Fire             2
   c - Conjure Flame                  Conjuration/Fire             3
   d - Inner Flame                    Hexes/Fire                   3
   e - Sticky Flame                   Conjuration/Fire             4
   f - Fireball                       Conjuration/Fire             5
Comestibles
 b - 2 bread rations
 c - a beef jerky
 d - 6 chunks of flesh
 f - a meat ration
 h - 2 slices of pizza


   Skills:
 + Level 0.7 Fighting
 + Level 1.3 Polearms
 + Level 2.2 Dodging
 + Level 2.5 Stealth
 + Level 0.4 Unarmed Combat
 + Level 2.4 Spellcasting
 + Level 1.2 Conjurations
 + Level 3.4 Fire Magic


You had one spell level left.
You knew the following spells:

 Your Spells              Type           Power        Failure   Level  Hunger
a - Flame Tongue          Conj/Fire      #....        10%         1    #......
b - Throw Flame           Conj/Fire      #.....       14%         2    ###....
c - Inner Flame           Hex/Fire       #.......     34%         3    ###....


Dungeon Overview and Level Annotations

Branches:
Dungeon (2/15)

Altars:


Innate Abilities, Weirdness & Mutations

Your plain brown scales are hard. (AC +5)
Your body does not fit into most forms of armour.
You are cold-blooded and may be slowed by cold attacks.


Message History

You hit the gnoll but do no damage.
The gnoll is moderately wounded.
You hit the gnoll.
The gnoll is moderately wounded.
The gnoll misses you.
You closely miss the gnoll.
The gnoll is moderately wounded.
The gnoll hits you with a flail.
* * * LOW HITPOINT WARNING * * *
Your magical contamination has completely faded away.
There is a stone staircase leading up here.
The gnoll misses you.
You climb upwards.
There is a stone staircase leading down here.
You hit the gnoll.
The gnoll is heavily wounded.
You closely miss the gnoll.
The gnoll is heavily wounded.
The gnoll hits you with a flail!
You die...

#≈.#..##.###.###..###...##...##.
#..##.##.##.## ##.# #.#####.....
#####.##...#.###.## ##.###...##.
#.#.....#.#.## ##.#.#..###
#.......##.## ##.##..###
###.....##.# #.##.....
##...###.# #.###.### ##.##
#.#### #.# #.#.. #.#
#.@g.######.# #.#.#
#.#######.>......# #....
#.........######## ###..
#########.# #.. #######.# #..
#.......# #.# #.####### #.# #.#
#.# #.# #..


You could see a gnoll.

Vanquished Creatures
  4 adders (D:2)
  2 gnolls (D:2)
  A dart slug (D:1)
  4 goblins
  5 hobgoblins
  2 kobolds
  5 bats
  10 rats
33 creatures vanquished.

Notes
Turn   | Place    | Note
-------+----------+-------------------------------------------
     0 | D:1      | JeffiDaFish the Draconian Fire Elementalist began the quest for the Orb.
     0 | D:1      | Reached XP level 1. HP: 14/14 MP: 3/3
   213 | D:1      | Reached XP level 2. HP: 15/20 MP: 5/5
   875 | D:2      | Reached XP level 3. HP: 26/26 MP: 3/6
   879 | D:2      | Learned a level 2 spell: Throw Flame
   883 | D:2      | Learned a level 3 spell: Inner Flame
   978 | D:2      | Reached skill level 1 in Polearms
  1052 | D:2      | Reached XP level 4. HP: 34/34 MP: 4/7
  1095 | D:1      | Slain by a gnoll

Vault maps used:
D:1:      dpeg_arrival_water_altar

Skill      XL: |  1  2  3 |
---------------+----------+-----
Stealth        | 2 |  2.5
Dodging        | 2 |  2.2
Polearms       | 1 |  1.3
Fighting       | |  0.7
Unarmed Combat | |  0.4
Spellcasting   | |  2.4
Conjurations   | |  1.2
Fire Magic     | |  3.4

Action                   |  1- 3 |  4- 6 || total
-------------------------+-------+-------++-------
Melee: Dagger            |    31 |       ||    31
       Unarmed           |     3 |       ||     3
       Spear             |    66 |    11 ||    77
       Tailslap          |     2 |       ||     2
 Cast: Flame Tongue      |    15 |     5 ||    20
       Throw Flame       |     1 |       ||     1
  Use: Potion            |     2 |       ||     2
       Scroll            |     1 |       ||     1
 Stab: Sleeping          |     3 |       ||     3
  Eat: Chunk             |     1 |       ||     1
Armor: Skin              |    37 |       ||    37
Dodge: Dodged            |    76 |     9 ||    85
